Thunder vs Patriotes
Created - April 7, 2019 at 20:51
Goals
|
| Thunder |
3 |
3 |
1 |
7 |
| Patriotes |
0 |
2 |
0 |
2 |
|
Shots
|
| Thunder |
14 |
8 |
10 |
32 |
| Patriotes |
18 |
8 |
3 |
29 |
|
1st period
1. Thunder , Dany Roussin 37 (Ryan Nugent-Hopkins 40) at 7:35
2. Thunder , Ryan Nugent-Hopkins 22 (Matt Carle 1, Devan Dubnyk) at 9:43
3. Thunder , Dany Roussin 38 (Jamie McGinn 11) at 10:40
Penalties :
No Penalty
2nd period
4. Patriotes , Tyler Randell 53 (Jason Zucker 63, Aaron Ness 13) at 2:44
5. Patriotes , Cody Eakin 31 (Jason Zucker 64, Shea Theodore 20) at 10:19
6. Thunder , Jamie McGinn 13 (Dany Roussin 34) at 13:17
7. Thunder , Ryan Nugent-Hopkins 23 (Dany Roussin 35, Matt Carle 2) at 13:57
8. Thunder , David Wolf 14 (Jamie McGinn 12, Adam Clendening 16) at 19:09 (SH)
Penalties :
Gianluca Curcuruto (TRO) for Hooking (Minor) at 17:21
3rd period
9. Thunder , Austin Wuthrich 7 (Matt Carle 3) at 8:26 (PP)
Penalties :
Thomas Spelling (TRO) for Tripping (Minor) at 3:27, Aaron Ness (Nyc) for Roughing (Minor) at 8:15, Duncan Siemens (TRO) for Elbowing (Minor) at 13:27, Austin Watson (Nyc) for Hooking (Minor) at 15:46
Goalie Stats
Devan Dubnyk (TRO), 27 saves from 29 shots - (0.931), W, 22-19-2, 60:00 minutes
Andrei Vasilevskiy (Nyc), 14 saves from 17 shots - (0.824), 26:43 minutes
Thomas Greiss (Nyc), 11 saves from 15 shots - (0.733), L, 21-22-2, 33:17 minutes
Players Stats for Thunder
Player Name G A P +/- PIM S H SB GA TA FO MP PP MP PK MP
------------------------------------------------------------------------------------
Adam Clendening 0 1 1 2 0 3 0 2 0 2 0/0 21:14 0:44 2:35
Artur Gavrus 0 0 0 0 0 0 0 0 0 0 0/0 1:14 0:00 0:49
Austin Wuthrich 1 0 1 1 0 4 3 0 0 0 0/0 19:23 0:57 0:00
Colby Cave 0 0 0 0 0 0 0 0 0 0 3/3 9:06 0:00 0:00
Dany Roussin 2 2 4 3 0 3 2 3 1 1 4/8 26:20 1:00 3:25
David Wolf 1 0 1 2 0 3 4 0 1 1 0/2 21:26 0:57 2:20
Duncan Siemens 0 0 0 2 2 0 1 2 0 0 0/0 20:02 0:44 1:41
Gianluca Curcuruto 0 0 0 0 2 0 0 0 0 0 0/0 12:50 0:00 0:46
Jamie McGinn 1 2 3 3 0 1 1 0 0 0 0/1 14:30 0:00 1:24
Jarrod Maidens 0 0 0 0 0 0 0 0 0 0 0/0 0:13 0:13 0:00
Joe Labate 0 0 0 1 0 6 1 0 1 1 7/11 19:23 0:57 0:00
Matt Carle 0 3 3 2 0 3 3 4 0 1 0/0 26:56 1:04 3:30
Mikko Vainonen 0 0 0 0 0 0 0 0 0 0 0/0 12:18 0:22 0:00
Nikolay Prokhorkin 0 0 0 0 0 0 3 0 0 0 0/0 9:43 0:00 0:12
Peter Andersson 0 0 0 2 0 3 0 2 0 0 0/0 26:50 1:26 3:22
Ryan Nugent-Hopkins 2 1 3 0 0 4 1 0 1 1 13/21 24:06 1:00 3:25
Thomas Spelling 0 0 0 0 2 2 0 0 0 1 0/1 12:15 1:13 0:00
Vincent Dunn 0 0 0 -1 0 0 0 0 0 0 0/0 2:46 0:13 0:00
Zach Stepan 0 0 0 2 0 0 2 1 0 0 0/4 13:25 0:00 0:19
Players Stats for Patriotes
Player Name G A P +/- PIM S H SB GA TA FO MP PP MP PK MP
------------------------------------------------------------------------------------
Aaron Ness 0 1 1 0 2 3 1 1 1 1 0/0 24:42 2:14 1:10
Aleksander Barkov 0 0 0 -2 0 0 2 0 0 0 1/4 14:27 0:00 0:00
Austin Watson 0 0 0 -2 2 0 2 1 0 0 0/0 14:28 0:00 0:00
Borna Rendulic 0 0 0 -2 0 1 2 0 0 0 0/0 14:30 0:03 0:00
Christian Hanson 0 0 0 -3 0 0 1 0 1 0 5/11 20:01 3:00 0:35
Cody Eakin 1 0 1 0 0 9 4 1 0 0 15/28 23:57 2:54 1:05
David Kolomatis 0 0 0 0 0 0 0 0 0 0 0/0 3:28 0:00 0:00
Dillon Heatherington 0 0 0 0 0 0 0 0 0 0 0/0 12:41 0:00 0:00
Emerson Etem 0 0 0 -3 0 2 2 0 2 1 1/1 19:24 3:00 0:00
Jared Knight 0 0 0 0 0 1 0 0 0 0 0/3 6:17 0:00 0:00
Jason Zucker 0 2 2 1 0 6 1 0 0 1 1/2 18:43 2:54 1:06
Justin Florek 0 0 0 -3 0 2 5 1 0 0 0/1 20:05 3:00 0:39
Mario Lucia 0 0 0 0 0 0 0 0 0 0 0/0 6:17 0:00 0:00
Maxim Mamin 0 0 0 0 0 0 0 0 0 0 0/0 0:00 0:00 0:00
Riley Barber 0 0 0 0 0 0 0 0 0 0 0/0 0:03 0:03 0:00
Robert Baillargeon 0 0 0 0 0 0 0 0 0 0 0/0 0:33 0:00 0:33
Ryan Fitzgerald 0 0 0 1 0 0 0 0 0 0 0/0 1:05 0:03 0:00
Shane Sims 0 0 0 -5 0 1 1 3 0 0 0/0 26:41 3:43 1:00
Shea Theodore 0 1 1 1 0 0 0 1 2 1 0/0 20:38 2:14 1:10
Timothy Kunes 0 0 0 -4 0 1 5 1 1 0 0/0 31:49 3:43 1:00
Tyler Randell 1 0 1 1 0 3 2 0 1 0 1/1 17:59 2:54 0:22
3 Stars
1 - Dany Roussin (TRO)
2 - Jamie McGinn (TRO)
3 - Ryan Nugent-Hopkins (TRO)
Power Play
Thunder - 1 on 2 Attempt(s) - 50.00%
Patriotes - 0 on 3 Attempt(s) - 0.00%
Penalty Kill
Thunder - 3 on 3 Attempt(s) - 100.00%
- Score 1 goal in Penalty Kill
Patriotes - 1 on 2 Attempt(s) - 50.00%
- Score 0 goal in Penalty Kill
Team Stat
Thunder - Hits : 21 - Faceoff Wins : 27 - Blocked Shots : 14 - Penalty Minutes : 6
Patriotes - Hits : 28 - Faceoff Wins : 24 - Blocked Shots : 9 - Penalty Minutes : 4
Official
Referees : Unknown
Linesman : Unknown
Game Notes
Andrei Vasilevskiy enters game at 13:17 of 2nd period
Finance
Level 1 -- Attendance: 1584 (79.20%) -- Ticket Income $63,360
Level 2 -- Attendance: 708 (70.80%) -- Ticket Income $14,160
Total Attendance: 2292 (76.40%)
Total Ticket Income: $77,520
Other Income: $3,876
Total Income: $81,396
Thunder
5 vs 5 Forward
Center Left Wing Right Wing Time % Phy DF OF
1 Ryan Nugent-Hopkins Dany Roussin Thomas Spelling 40 1 2 2
2 Joe Labate David Wolf Austin Wuthrich 30 1 2 2
3 Zach Stepan Jamie McGinn Dany Roussin 20 1 2 2
4 Colby Cave Nikolay Prokhorkin Ryan Nugent-Hopkins 10 1 2 2
5 vs 5 Defense
Defense Defense Time % Phy DF OF
1 Matt Carle Peter Andersson 40 1 2 2
2 Adam Clendening Duncan Siemens 30 1 2 2
3 Mikko Vainonen Gianluca Curcuruto 20 1 2 2
4 Matt Carle Peter Andersson 10 1 2 2
PowerPlay Forward
Center Left Wing Right Wing Time % Phy DF OF
1 Ryan Nugent-Hopkins Dany Roussin Thomas Spelling 60 1 2 2
2 Joe Labate David Wolf Austin Wuthrich 40 1 2 2
PowerPlay Defense
Defense Defense Time % Phy DF OF
1 Matt Carle Peter Andersson 60 1 2 2
2 Adam Clendening Duncan Siemens 40 1 2 2
Penalty Kill 4 Players Forward
Center Wing Time % Phy DF OF
1 Dany Roussin Ryan Nugent-Hopkins 60 1 2 2
2 David Wolf Jamie McGinn 40 1 2 2
Penalty Kill 4 Players Defense
Defense Defense Time % Phy DF OF
1 Matt Carle Peter Andersson 60 1 2 2
2 Adam Clendening Duncan Siemens 40 1 2 2
Penalty Kill - 3 Players Forward
Forward Time % Phy DF OF
1 Dany Roussin 60 1 2 2
2 Ryan Nugent-Hopkins 40 1 2 2
Penalty Kill - 3 Players Defense
Defense Defense Time % Phy DF OF
1 Matt Carle Peter Andersson 60 1 2 2
2 Adam Clendening Duncan Siemens 40 1 2 2
4 vs 4 Forward
Center Wing Time % Phy DF OF
1 Dany Roussin Ryan Nugent-Hopkins 60 1 2 2
2 David Wolf Jamie McGinn 40 1 2 2
4 vs 4 Defense
Defense Defense Time % Phy DF OF
1 Matt Carle Peter Andersson 60 1 2 2
2 Adam Clendening Duncan Siemens 40 1 2 2
Last Minutes Offensive
Center Left Wing Right Wing Defense Defense
Ryan Nugent-Hopkins Dany Roussin Thomas Spelling Matt Carle Peter Andersson
Last Minutes Defensive
Center Left Wing Right Wing Defense Defense
Ryan Nugent-Hopkins Dany Roussin Thomas Spelling Matt Carle Peter Andersson
Goaltenders
Starting : Devan Dubnyk
Backup : Niklas Treutle
Extra Forwards
Normal : Vincent Dunn, Jarrod Maidens, Artur Gavrus - PP : Vincent Dunn, Jarrod Maidens - PK : Artur Gavrus
Extra Defensemen
Normal : Mikko Vainonen, Gianluca Curcuruto, Adam Clendening - PP : Mikko Vainonen - PK : Gianluca Curcuruto, Adam Clendening
Penalty Shots
Dany Roussin, Ryan Nugent-Hopkins, David Wolf, Jamie McGinn, Thomas Spelling
Scratches
Morgan Rielly (Fractured Bone in Right Hand Injury), Trevor Lewis (Healthy), Jared Staal (Healthy)
Patriotes
5 vs 5 Forward
Center Left Wing Right Wing Time % Phy DF OF
1 Cody Eakin Jason Zucker Tyler Randell 40 1 2 2
2 Christian Hanson Justin Florek Emerson Etem 30 1 2 2
3 Aleksander Barkov Austin Watson Borna Rendulic 20 1 2 2
4 Jared Knight Mario Lucia Cody Eakin 10 1 2 2
5 vs 5 Defense
Defense Defense Time % Phy DF OF
1 Timothy Kunes Shane Sims 40 1 2 2
2 Aaron Ness Shea Theodore 30 1 2 2
3 Dillon Heatherington Timothy Kunes 20 1 2 2
4 Shane Sims Aaron Ness 10 1 2 2
PowerPlay Forward
Center Left Wing Right Wing Time % Phy DF OF
1 Cody Eakin Jason Zucker Tyler Randell 60 1 2 2
2 Christian Hanson Justin Florek Emerson Etem 40 1 2 2
PowerPlay Defense
Defense Defense Time % Phy DF OF
1 Timothy Kunes Shane Sims 60 1 2 2
2 Aaron Ness Shea Theodore 40 1 2 2
Penalty Kill 4 Players Forward
Center Wing Time % Phy DF OF
1 Cody Eakin Jason Zucker 60 1 2 2
2 Tyler Randell Christian Hanson 40 1 2 2
Penalty Kill 4 Players Defense
Defense Defense Time % Phy DF OF
1 Timothy Kunes Shane Sims 60 1 2 2
2 Aaron Ness Shea Theodore 40 1 2 2
Penalty Kill - 3 Players Forward
Forward Time % Phy DF OF
1 Cody Eakin 60 1 2 2
2 Jason Zucker 40 1 2 2
Penalty Kill - 3 Players Defense
Defense Defense Time % Phy DF OF
1 Timothy Kunes Shane Sims 60 1 2 2
2 Aaron Ness Shea Theodore 40 1 2 2
4 vs 4 Forward
Center Wing Time % Phy DF OF
1 Cody Eakin Jason Zucker 60 1 2 2
2 Tyler Randell Christian Hanson 40 1 2 2
4 vs 4 Defense
Defense Defense Time % Phy DF OF
1 Timothy Kunes Shane Sims 60 1 2 2
2 Aaron Ness Shea Theodore 40 1 2 2
Last Minutes Offensive
Center Left Wing Right Wing Defense Defense
Cody Eakin Jason Zucker Tyler Randell Timothy Kunes Shane Sims
Last Minutes Defensive
Center Left Wing Right Wing Defense Defense
Cody Eakin Jason Zucker Tyler Randell Timothy Kunes Shane Sims
Goaltenders
Starting : Thomas Greiss
Backup : Andrei Vasilevskiy
Extra Forwards
Normal : Ryan Fitzgerald, Riley Barber, Robert Baillargeon - PP : Ryan Fitzgerald, Riley Barber - PK : Robert Baillargeon
Extra Defensemen
Normal : Dillon Heatherington, Shea Theodore, Timothy Kunes - PP : Dillon Heatherington - PK : Shea Theodore, Timothy Kunes
Penalty Shots
Cody Eakin, Jason Zucker, Tyler Randell, Christian Hanson, Emerson Etem
Scratches
Anthony Bitetto (Concussion Injury), Matt Calvert (Lower Body Injury), Dale Weise (Broken Nose Injury), Phoenix Copley (Healthy)
% Time on Ice - Thunder
Lines # - Real PCT - Wanted PCT - Time Play
Normal Forward
1 - 22% - 40% - 11:15
2 - 36% - 30% - 18:26
3 - 25% - 20% - 13:06
4 - 18% - 10% - 9:06
Normal Defense
1 - 37% - 40% - 18:58
2 - 35% - 30% - 17:55
3 - 23% - 20% - 11:56
4 - 6% - 10% - 3:04
PP Forward
1 - 56% - 60% - 1:13
2 - 44% - 40% - 0:57
PP Defense
1 - 66% - 60% - 1:26
2 - 34% - 40% - 0:44
PK Forward
1 - 76% - 60% - 4:33
2 - 24% - 40% - 1:24
PK Defense
1 - 57% - 60% - 3:22
2 - 43% - 40% - 2:35
PK3 Forward
1 - 0% - 60%
2 - 0% - 40%
PK3 Defense
1 - 0% - 60%
2 - 0% - 40%
44 Forward
1 - 0% - 60%
2 - 0% - 40%
44 Defense
1 - 0% - 60%
2 - 0% - 40%
Last Minute Offensive - 0:00
Last Minute Defensive - 0:00
Total
Forward - 60:00
Defense - 60:00
|
% Time on Ice - Patriotes
Lines # - Real PCT - Wanted PCT - Time Play
Normal Forward
1 - 28% - 40% - 14:45
2 - 32% - 30% - 16:24
3 - 28% - 20% - 14:27
4 - 12% - 10% - 6:17
Normal Defense
1 - 32% - 40% - 16:47
2 - 33% - 30% - 17:14
3 - 24% - 20% - 12:41
4 - 10% - 10% - 5:11
PP Forward
1 - 50% - 60% - 2:57
2 - 50% - 40% - 3:00
PP Defense
1 - 62% - 60% - 3:43
2 - 38% - 40% - 2:14
PK Forward
1 - 83% - 60% - 1:48
2 - 17% - 40% - 0:22
PK Defense
1 - 46% - 60% - 1:00
2 - 54% - 40% - 1:10
PK3 Forward
1 - 0% - 60%
2 - 0% - 40%
PK3 Defense
1 - 0% - 60%
2 - 0% - 40%
44 Forward
1 - 0% - 60%
2 - 0% - 40%
44 Defense
1 - 0% - 60%
2 - 0% - 40%
Last Minute Offensive - 0:00
Last Minute Defensive - 0:00
Total
Forward - 60:00
Defense - 60:00
|
Play-by-Play
1st period
0:01 of 1st period - Ryan Nugent-Hopkins wins face-off versus Cody Eakin in neutral zone.
0:31 of 1st period - Snap shot by David Wolf.
0:31 of 1st period - Shot Misses the Net.
0:47 of 1st period - Slapshot by Joe Labate.
0:47 of 1st period - Shot Misses the Net.
1:28 of 1st period - Mikko Vainonen is hit by Cody Eakin.
2:16 of 1st period - Off-side.
2:17 of 1st period - Ryan Nugent-Hopkins wins face-off versus Aleksander Barkov in neutral zone.
2:25 of 1st period - Thomas Spelling is hit by Timothy Kunes and loses puck.
2:32 of 1st period - Snap shot by Aleksander Barkov.
2:32 of 1st period - Shot Blocked by Peter Andersson.
3:12 of 1st period - Snap shot by Jared Knight.
3:12 of 1st period - Stopped by Devan Dubnyk with a rebound.
3:50 of 1st period - Justin Florek is hit by David Wolf and loses puck.
4:11 of 1st period - Jamie McGinn is hit by Timothy Kunes.
4:31 of 1st period - Snap shot by Ryan Nugent-Hopkins.
4:31 of 1st period - Stopped by Thomas Greiss without a rebound.
4:32 of 1st period - Colby Cave wins face-off versus Christian Hanson in Patriotes zone.
4:56 of 1st period - David Wolf is hit by Tyler Randell and loses puck.
5:11 of 1st period - Wrist shot by Aleksander Barkov.
5:11 of 1st period - Deflect By Borna Rendulic.
5:11 of 1st period - Stopped by Devan Dubnyk with a rebound.
5:36 of 1st period - Icing by Matt Carle.
5:37 of 1st period - Colby Cave wins face-off versus Christian Hanson in Thunder zone.
6:42 of 1st period - Dillon Heatherington is hit by Ryan Nugent-Hopkins and loses puck.
7:02 of 1st period - Icing by David Wolf.
7:03 of 1st period - Cody Eakin wins face-off versus Ryan Nugent-Hopkins in Thunder zone.
7:06 of 1st period - Snap shot by Jason Zucker.
7:06 of 1st period - Stopped by Devan Dubnyk with a rebound.
7:21 of 1st period - Off-side.
7:22 of 1st period - Joe Labate wins face-off versus Christian Hanson in neutral zone.
7:31 of 1st period - Slapshot by David Wolf.
7:31 of 1st period - Shot Misses the Net.
7:33 of 1st period - Slapshot by Mikko Vainonen.
7:33 of 1st period - Deflect By Joe Labate.
7:33 of 1st period - Shot Misses the Net.
7:33 of 1st period - Puck is out of play.
7:34 of 1st period - Ryan Nugent-Hopkins wins face-off versus Cody Eakin in Patriotes zone.
7:35 of 1st period - Slapshot by Dany Roussin.
7:35 of 1st period - Goal by Dany Roussin - Thunder : 1 - Patriotes : 0.
7:36 of 1st period - Ryan Nugent-Hopkins wins face-off versus Cody Eakin in neutral zone.
7:39 of 1st period - Shane Sims is hit by Matt Carle and loses puck.
8:01 of 1st period - Justin Florek is hit by Matt Carle.
8:09 of 1st period - Wrist shot by Joe Labate.
8:09 of 1st period - Stopped by Thomas Greiss without a rebound.
8:10 of 1st period - Cody Eakin wins face-off versus Ryan Nugent-Hopkins in Patriotes zone.
8:15 of 1st period - Slapshot by Jason Zucker.
8:15 of 1st period - Deflect By Dany Roussin.
8:15 of 1st period - Shot Blocked by Adam Clendening.
8:15 of 1st period - Puck is out of play.
8:16 of 1st period - Ryan Nugent-Hopkins wins face-off versus Cody Eakin in Thunder zone.
8:27 of 1st period - Wrist shot by Cody Eakin.
8:27 of 1st period - Stopped by Devan Dubnyk with a rebound.
8:29 of 1st period - Slapshot by Aaron Ness.
8:29 of 1st period - Stopped by Devan Dubnyk with a rebound.
8:41 of 1st period - Aaron Ness is hit by Joe Labate.
9:28 of 1st period - Timothy Kunes is hit by Nikolay Prokhorkin and loses puck.
9:43 of 1st period - Snap shot by Ryan Nugent-Hopkins.
9:43 of 1st period - Goal by Ryan Nugent-Hopkins - Thunder : 2 - Patriotes : 0.
9:44 of 1st period - Ryan Nugent-Hopkins wins face-off versus Cody Eakin in neutral zone.
9:51 of 1st period - Snap shot by Ryan Nugent-Hopkins.
9:51 of 1st period - Stopped by Thomas Greiss with a rebound.
10:40 of 1st period - Wrist shot by Dany Roussin.
10:40 of 1st period - Goal by Dany Roussin - Thunder : 3 - Patriotes : 0.
10:41 of 1st period - Ryan Nugent-Hopkins wins face-off versus Cody Eakin in neutral zone.
11:13 of 1st period - Peter Andersson is hit by Justin Florek and loses puck.
11:30 of 1st period - Slapshot by Jamie McGinn.
11:30 of 1st period - Shot Misses the Net.
11:44 of 1st period - Snap shot by Cody Eakin.
11:44 of 1st period - Stopped by Devan Dubnyk without a rebound.
11:45 of 1st period - Colby Cave wins face-off versus Jared Knight in Thunder zone.
11:45 of 1st period - Colby Cave is hit by Cody Eakin.
12:11 of 1st period - Shane Sims is hit by Duncan Siemens and loses puck.
12:31 of 1st period - Snap shot by Joe Labate.
12:31 of 1st period - Stopped by Thomas Greiss with a rebound.
12:37 of 1st period - David Wolf is hit by Austin Watson and loses puck.
12:50 of 1st period - Snap shot by Ryan Nugent-Hopkins.
12:50 of 1st period - Shot Blocked by Cody Eakin.
12:54 of 1st period - Slapshot by Dany Roussin.
12:54 of 1st period - Stopped by Thomas Greiss with a rebound.
12:56 of 1st period - Snap shot by Dany Roussin.
12:56 of 1st period - Shot Misses the Net.
12:58 of 1st period - Snap shot by Dany Roussin.
12:58 of 1st period - Deflect By Ryan Nugent-Hopkins.
12:58 of 1st period - Shot Misses the Net.
12:58 of 1st period - Puck is out of play.
12:59 of 1st period - Cody Eakin wins face-off versus Dany Roussin in Patriotes zone.
12:59 of 1st period - Cody Eakin is hit by Dany Roussin.
13:21 of 1st period - David Wolf is hit by Timothy Kunes and loses puck.
13:47 of 1st period - Snap shot by Matt Carle.
13:47 of 1st period - Stopped by Thomas Greiss without a rebound.
13:48 of 1st period - Cody Eakin wins face-off versus Thomas Spelling in Patriotes zone.
14:05 of 1st period - Matt Carle is hit by Aaron Ness and loses puck.
14:22 of 1st period - Slapshot by Aaron Ness.
14:22 of 1st period - Stopped by Devan Dubnyk with a rebound.
14:34 of 1st period - Snap shot by Ryan Nugent-Hopkins.
14:34 of 1st period - Deflect By Thomas Spelling.
14:34 of 1st period - Stopped by Thomas Greiss with a rebound.
14:36 of 1st period - Slapshot by Peter Andersson.
14:36 of 1st period - Stopped by Thomas Greiss without a rebound.
14:37 of 1st period - Joe Labate wins face-off versus Christian Hanson in Patriotes zone.
14:38 of 1st period - Snap shot by David Wolf.
14:38 of 1st period - Stopped by Thomas Greiss with a rebound.
14:40 of 1st period - Snap shot by Joe Labate.
14:40 of 1st period - Shot Misses the Net.
14:44 of 1st period - Snap shot by David Wolf.
14:44 of 1st period - Shot Misses the Net.
14:46 of 1st period - Snap shot by David Wolf.
14:46 of 1st period - Stopped by Thomas Greiss with a rebound.
14:48 of 1st period - Snap shot by Gianluca Curcuruto.
14:48 of 1st period - Shot Misses the Net.
15:35 of 1st period - Slapshot by Joe Labate.
15:35 of 1st period - Stopped by Thomas Greiss without a rebound.
15:36 of 1st period - Cody Eakin wins face-off versus Zach Stepan in Patriotes zone.
15:36 of 1st period - Cody Eakin is hit by Zach Stepan.
15:42 of 1st period - Slapshot by Aaron Ness.
15:42 of 1st period - Shot Blocked by Matt Carle.
15:44 of 1st period - Backhand shot by Cody Eakin.
15:44 of 1st period - Stopped by Devan Dubnyk without a rebound.
15:45 of 1st period - Cody Eakin wins face-off versus Zach Stepan in Thunder zone.
15:46 of 1st period - Backhand shot by Jason Zucker.
15:46 of 1st period - Shot Misses the Net.
15:48 of 1st period - Snap shot by Cody Eakin.
15:48 of 1st period - Stopped by Devan Dubnyk with a rebound.
15:50 of 1st period - Wrist shot by Tyler Randell.
15:50 of 1st period - Stopped by Devan Dubnyk with a rebound.
15:52 of 1st period - Slapshot by Shane Sims.
15:52 of 1st period - Deflect By Cody Eakin.
15:52 of 1st period - Deflect By Jamie McGinn.
15:52 of 1st period - Stopped by Devan Dubnyk with a rebound.
15:54 of 1st period - Slapshot by Shane Sims.
15:54 of 1st period - Stopped by Devan Dubnyk with a rebound.
15:56 of 1st period - Wrist shot by Tyler Randell.
15:56 of 1st period - Deflect By Dany Roussin.
15:56 of 1st period - Stopped by Devan Dubnyk with a rebound.
15:58 of 1st period - Snap shot by Aaron Ness.
15:58 of 1st period - Shot Misses the Net.
16:00 of 1st period - Slapshot by Shane Sims.
16:00 of 1st period - Shot Blocked by Dany Roussin.
16:02 of 1st period - Wrist shot by Tyler Randell.
16:02 of 1st period - Shot Misses the Net.
16:04 of 1st period - Slapshot by Cody Eakin.
16:04 of 1st period - Stopped by Devan Dubnyk with a rebound.
16:06 of 1st period - Snap shot by Shane Sims.
16:06 of 1st period - Shot Blocked by Peter Andersson.
16:08 of 1st period - Snap shot by Cody Eakin.
16:08 of 1st period - Shot Blocked by Matt Carle.
16:12 of 1st period - Wrist shot by Jason Zucker.
16:12 of 1st period - Stopped by Devan Dubnyk with a rebound.
16:16 of 1st period - Slapshot by Cody Eakin.
16:16 of 1st period - Shot Hit the Post.
16:18 of 1st period - Slapshot by Shane Sims.
16:18 of 1st period - Shot Blocked by Zach Stepan.
16:20 of 1st period - Wrist shot by Aaron Ness.
16:20 of 1st period - Shot Blocked by Matt Carle.
16:32 of 1st period - Snap shot by Cody Eakin.
16:32 of 1st period - Stopped by Devan Dubnyk with a rebound.
16:34 of 1st period - Slapshot by Aaron Ness.
16:34 of 1st period - Shot Misses the Net.
16:36 of 1st period - Snap shot by Jason Zucker.
16:36 of 1st period - Stopped by Devan Dubnyk without a rebound.
16:37 of 1st period - Joe Labate wins face-off versus Aleksander Barkov in Thunder zone.
16:56 of 1st period - Joe Labate is hit by Aleksander Barkov and loses puck.
17:22 of 1st period - Adam Clendening is hit by Timothy Kunes.
18:14 of 1st period - Borna Rendulic is hit by Austin Wuthrich and loses puck.
18:19 of 1st period - Wrist shot by David Wolf.
18:19 of 1st period - Shot Misses the Net.
18:21 of 1st period - Wrist shot by David Wolf.
18:21 of 1st period - Shot Blocked by Austin Watson.
18:51 of 1st period - Wrist shot by Timothy Kunes.
18:51 of 1st period - Stopped by Devan Dubnyk without a rebound.
18:52 of 1st period - Ryan Nugent-Hopkins wins face-off versus Jason Zucker in Thunder zone.
18:52 of 1st period - Ryan Nugent-Hopkins is hit by Cody Eakin.
19:26 of 1st period - Justin Florek is hit by Jamie McGinn and loses puck.
Goals for this period are 3 for Thunder vs 0 for Patriotes.
Shots for this period are 14 for Thunder vs 18 for Patriotes.
2nd period
0:01 of 2nd period - Ryan Nugent-Hopkins wins face-off versus Cody Eakin in neutral zone.
0:26 of 2nd period - Emerson Etem is hit by Austin Wuthrich and loses puck.
2:44 of 2nd period - Wrist shot by Tyler Randell.
2:44 of 2nd period - Goal by Tyler Randell - Thunder : 3 - Patriotes : 1.
2:45 of 2nd period - Ryan Nugent-Hopkins wins face-off versus Cody Eakin in neutral zone.
2:56 of 2nd period - Wrist shot by Ryan Nugent-Hopkins.
2:56 of 2nd period - Shot Blocked by Shane Sims.
2:58 of 2nd period - Snap shot by Dany Roussin.
2:58 of 2nd period - Shot Misses the Net.
3:00 of 2nd period - Snap shot by Dany Roussin.
3:00 of 2nd period - Shot Misses the Net.
3:16 of 2nd period - Wrist shot by Austin Wuthrich.
3:16 of 2nd period - Shot Blocked by Timothy Kunes.
3:18 of 2nd period - Snap shot by David Wolf.
3:18 of 2nd period - Shot Blocked by Shane Sims.
3:20 of 2nd period - Snap shot by Austin Wuthrich.
3:20 of 2nd period - Shot Blocked by Justin Florek.
4:15 of 2nd period - Justin Florek is hit by David Wolf.
5:27 of 2nd period - Aleksander Barkov is hit by David Wolf and loses puck.
5:42 of 2nd period - Colby Cave is hit by Tyler Randell and loses puck.
5:59 of 2nd period - Icing by Justin Florek.
6:00 of 2nd period - Joe Labate wins face-off versus Justin Florek in Patriotes zone.
6:17 of 2nd period - Matt Carle is hit by Aleksander Barkov and loses puck.
6:38 of 2nd period - Wrist shot by Jason Zucker.
6:38 of 2nd period - Stopped by Devan Dubnyk with a rebound.
6:40 of 2nd period - Slapshot by Tyler Randell.
6:40 of 2nd period - Shot Blocked by Duncan Siemens.
6:42 of 2nd period - Slapshot by Jason Zucker.
6:42 of 2nd period - Stopped by Devan Dubnyk with a rebound.
7:02 of 2nd period - Wrist shot by Cody Eakin.
7:02 of 2nd period - Stopped by Devan Dubnyk with a rebound.
8:38 of 2nd period - Christian Hanson is hit by Zach Stepan and loses puck.
9:19 of 2nd period - Off-side.
9:20 of 2nd period - Christian Hanson wins face-off versus Joe Labate in neutral zone.
9:30 of 2nd period - Off-side.
9:31 of 2nd period - Ryan Nugent-Hopkins wins face-off versus Cody Eakin in neutral zone.
9:34 of 2nd period - Tyler Randell is hit by Dany Roussin and loses puck.
9:40 of 2nd period - Icing by Shea Theodore.
9:41 of 2nd period - Cody Eakin wins face-off versus Ryan Nugent-Hopkins in Patriotes zone.
9:50 of 2nd period - Snap shot by Ryan Nugent-Hopkins.
9:50 of 2nd period - Shot Misses the Net.
10:19 of 2nd period - Snap shot by Cody Eakin.
10:19 of 2nd period - Goal by Cody Eakin - Thunder : 3 - Patriotes : 2.
10:20 of 2nd period - Christian Hanson wins face-off versus Joe Labate in neutral zone.
10:39 of 2nd period - Christian Hanson is hit by Matt Carle.
11:06 of 2nd period - Icing by Shane Sims.
11:07 of 2nd period - Cody Eakin wins face-off versus Jamie McGinn in Patriotes zone.
12:36 of 2nd period - Slapshot by Aaron Ness.
12:36 of 2nd period - Stopped by Devan Dubnyk without a rebound.
12:37 of 2nd period - Dany Roussin wins face-off versus Cody Eakin in Thunder zone.
13:13 of 2nd period - Slapshot by Jamie McGinn.
13:13 of 2nd period - Shot Misses the Net.
13:15 of 2nd period - Wrist shot by Jamie McGinn.
13:15 of 2nd period - Shot Misses the Net.
13:17 of 2nd period - Snap shot by Jamie McGinn.
13:17 of 2nd period - Goal by Jamie McGinn - Thunder : 4 - Patriotes : 2.
13:17 of 2nd period - Andrei Vasilevskiy enters game.
13:18 of 2nd period - Joe Labate wins face-off versus Cody Eakin in neutral zone.
13:23 of 2nd period - Slapshot by Joe Labate.
13:23 of 2nd period - Stopped by Andrei Vasilevskiy without a rebound.
13:24 of 2nd period - Cody Eakin wins face-off versus Joe Labate in Patriotes zone.
13:29 of 2nd period - Snap shot by Cody Eakin.
13:29 of 2nd period - Shot Misses the Net.
13:51 of 2nd period - Wrist shot by Matt Carle.
13:51 of 2nd period - Stopped by Andrei Vasilevskiy with a rebound.
13:53 of 2nd period - Snap shot by Peter Andersson.
13:53 of 2nd period - Stopped by Andrei Vasilevskiy with a rebound.
13:55 of 2nd period - Slapshot by Matt Carle.
13:55 of 2nd period - Stopped by Andrei Vasilevskiy with a rebound.
13:57 of 2nd period - Snap shot by Dany Roussin.
13:57 of 2nd period - Deflect By Ryan Nugent-Hopkins.
13:57 of 2nd period - Goal by Ryan Nugent-Hopkins - Thunder : 5 - Patriotes : 2.
13:58 of 2nd period - Cody Eakin wins face-off versus Ryan Nugent-Hopkins in neutral zone.
14:48 of 2nd period - Zach Stepan is hit by Borna Rendulic and loses puck.
15:28 of 2nd period - Wrist shot by Emerson Etem.
15:28 of 2nd period - Shot Blocked by Adam Clendening.
16:07 of 2nd period - Jamie McGinn is hit by Austin Watson and loses puck.
16:18 of 2nd period - Duncan Siemens is hit by Emerson Etem and loses puck.
16:35 of 2nd period - Jason Zucker is hit by Austin Wuthrich and loses puck.
17:01 of 2nd period - Mikko Vainonen is hit by Justin Florek and loses puck.
17:21 of 2nd period - Minor Penalty to Gianluca Curcuruto for Hooking.
17:22 of 2nd period - Dany Roussin wins face-off versus Cody Eakin in Thunder zone.
17:34 of 2nd period - Dany Roussin is hit by Jason Zucker and loses puck.
17:51 of 2nd period - Wrist shot by Emerson Etem.
17:51 of 2nd period - Shot Misses the Net.
17:53 of 2nd period - Wrist shot by Emerson Etem.
17:53 of 2nd period - Stopped by Devan Dubnyk with a rebound.
17:55 of 2nd period - Slapshot by Aaron Ness.
17:55 of 2nd period - Shot Misses the Net.
18:11 of 2nd period - Snap shot by David Wolf.
18:11 of 2nd period - Shot Misses the Net.
18:13 of 2nd period - Slapshot by Adam Clendening.
18:13 of 2nd period - Stopped by Andrei Vasilevskiy without a rebound.
18:14 of 2nd period - Dany Roussin wins face-off versus Christian Hanson in Patriotes zone.
18:27 of 2nd period - Snap shot by Shane Sims.
18:27 of 2nd period - Shot Blocked by Duncan Siemens.
18:29 of 2nd period - Snap shot by Shane Sims.
18:29 of 2nd period - Deflect By Emerson Etem.
18:29 of 2nd period - Shot Misses the Net.
18:29 of 2nd period - Puck is out of play.
18:30 of 2nd period - Emerson Etem wins face-off versus David Wolf in Thunder zone.
18:54 of 2nd period - Peter Andersson is hit by Justin Florek and loses puck.
19:09 of 2nd period - Snap shot by Jamie McGinn.
19:09 of 2nd period - Deflect By David Wolf.
19:09 of 2nd period - Goal by David Wolf - Thunder : 6 - Patriotes : 2.
19:10 of 2nd period - Jason Zucker wins face-off versus Dany Roussin in neutral zone.
19:21 of 2nd period - Penalty to Gianluca Curcuruto is over, Gianluca Curcuruto is back on ice.
19:21 of 2nd period - Snap shot by Jason Zucker.
19:21 of 2nd period - Stopped by Devan Dubnyk with a rebound.
19:23 of 2nd period - Snap shot by Cody Eakin.
19:23 of 2nd period - Shot Blocked by Matt Carle.
Goals for this period are 3 for Thunder vs 2 for Patriotes.
Shots for this period are 8 for Thunder vs 8 for Patriotes.
3rd period
0:01 of 3rd period - Cody Eakin wins face-off versus Ryan Nugent-Hopkins in neutral zone.
0:27 of 3rd period - Matt Carle is hit by Justin Florek and loses puck.
0:36 of 3rd period - Wrist shot by Justin Florek.
0:36 of 3rd period - Stopped by Devan Dubnyk with a rebound.
1:15 of 3rd period - Jared Knight is hit by Nikolay Prokhorkin and loses puck.
1:34 of 3rd period - Snap shot by Joe Labate.
1:34 of 3rd period - Deflect By Austin Wuthrich.
1:34 of 3rd period - Stopped by Andrei Vasilevskiy with a rebound.
2:18 of 3rd period - Slapshot by Aaron Ness.
2:18 of 3rd period - Shot Misses the Net.
2:20 of 3rd period - Snap shot by Borna Rendulic.
2:20 of 3rd period - Shot Misses the Net.
2:30 of 3rd period - Snap shot by Adam Clendening.
2:30 of 3rd period - Shot Blocked by Aaron Ness.
2:32 of 3rd period - Wrist shot by David Wolf.
2:32 of 3rd period - Shot Misses the Net.
2:34 of 3rd period - Slapshot by Adam Clendening.
2:34 of 3rd period - Stopped by Andrei Vasilevskiy with a rebound.
2:36 of 3rd period - Snap shot by Joe Labate.
2:36 of 3rd period - Stopped by Andrei Vasilevskiy with a rebound.
2:38 of 3rd period - Slapshot by Adam Clendening.
2:38 of 3rd period - Deflect By Austin Wuthrich.
2:38 of 3rd period - Stopped by Andrei Vasilevskiy without a rebound.
2:39 of 3rd period - Christian Hanson wins face-off versus David Wolf in Patriotes zone.
2:44 of 3rd period - Snap shot by Emerson Etem.
2:44 of 3rd period - Stopped by Devan Dubnyk without a rebound.
2:45 of 3rd period - Joe Labate wins face-off versus Christian Hanson in Thunder zone.
3:27 of 3rd period - Minor Penalty to Thomas Spelling for Tripping.
3:28 of 3rd period - Cody Eakin wins face-off versus Dany Roussin in Thunder zone.
3:39 of 3rd period - Slapshot by Tyler Randell.
3:39 of 3rd period - Shot Blocked by Dany Roussin.
4:39 of 3rd period - David Wolf is hit by Shane Sims and loses puck.
5:27 of 3rd period - Penalty to Thomas Spelling is over, Thomas Spelling is back on ice.
5:57 of 3rd period - Dany Roussin is hit by Cody Eakin and loses puck.
7:07 of 3rd period - Snap shot by Thomas Spelling.
7:07 of 3rd period - Stopped by Andrei Vasilevskiy without a rebound.
7:08 of 3rd period - Ryan Nugent-Hopkins wins face-off versus Jared Knight in Patriotes zone.
8:15 of 3rd period - Minor Penalty to Aaron Ness for Roughing.
8:16 of 3rd period - Cody Eakin wins face-off versus Joe Labate in Patriotes zone.
8:24 of 3rd period - Slapshot by Matt Carle.
8:24 of 3rd period - Shot Blocked by Shane Sims.
8:26 of 3rd period - Snap shot by Austin Wuthrich.
8:26 of 3rd period - Goal by Austin Wuthrich - Thunder : 7 - Patriotes : 2.
8:27 of 3rd period - Tyler Randell wins face-off versus Dany Roussin in neutral zone.
8:47 of 3rd period - Ryan Nugent-Hopkins is hit by Timothy Kunes and loses puck.
9:20 of 3rd period - Backhand shot by Aleksander Barkov.
9:20 of 3rd period - Shot Misses the Net.
10:08 of 3rd period - Slapshot by David Wolf.
10:08 of 3rd period - Deflect By Austin Wuthrich.
10:08 of 3rd period - Stopped by Andrei Vasilevskiy with a rebound.
10:10 of 3rd period - Slapshot by Peter Andersson.
10:10 of 3rd period - Stopped by Andrei Vasilevskiy without a rebound.
10:11 of 3rd period - Christian Hanson wins face-off versus Ryan Nugent-Hopkins in Patriotes zone.
10:27 of 3rd period - Wrist shot by Dany Roussin.
10:27 of 3rd period - Shot Misses the Net.
10:37 of 3rd period - Jamie McGinn is hit by Borna Rendulic and loses puck.
10:46 of 3rd period - Wrist shot by Borna Rendulic.
10:46 of 3rd period - Shot Blocked by Dany Roussin.
10:58 of 3rd period - Tyler Randell is hit by Nikolay Prokhorkin and loses puck.
11:21 of 3rd period - Jamie McGinn is hit by Justin Florek and loses puck.
11:36 of 3rd period - Wrist shot by Justin Florek.
11:36 of 3rd period - Deflect By Adam Clendening.
11:36 of 3rd period - Stopped by Devan Dubnyk without a rebound.
11:37 of 3rd period - Ryan Nugent-Hopkins wins face-off versus Jared Knight in Thunder zone.
12:03 of 3rd period - Justin Florek is hit by David Wolf and loses puck.
12:09 of 3rd period - Icing by Dillon Heatherington.
12:10 of 3rd period - Christian Hanson wins face-off versus Zach Stepan in Patriotes zone.
13:27 of 3rd period - Minor Penalty to Duncan Siemens for Elbowing.
13:28 of 3rd period - Dany Roussin wins face-off versus Cody Eakin in Thunder zone.
13:39 of 3rd period - Wrist shot by Cody Eakin.
13:39 of 3rd period - Shot Misses the Net.
15:08 of 3rd period - Peter Andersson is hit by Emerson Etem and loses puck.
15:27 of 3rd period - Penalty to Duncan Siemens is over, Duncan Siemens is back on ice.
15:46 of 3rd period - Minor Penalty to Austin Watson for Hooking.
15:47 of 3rd period - Cody Eakin wins face-off versus Ryan Nugent-Hopkins in Patriotes zone.
16:03 of 3rd period - Icing by Matt Carle.
16:04 of 3rd period - Cody Eakin wins face-off versus Ryan Nugent-Hopkins in Thunder zone.
17:46 of 3rd period - Penalty to Austin Watson is over, Austin Watson is back on ice.
18:11 of 3rd period - Icing by Duncan Siemens.
18:12 of 3rd period - Aleksander Barkov wins face-off versus Zach Stepan in Thunder zone.
18:39 of 3rd period - Snap shot by Ryan Nugent-Hopkins.
18:39 of 3rd period - Shot Misses the Net.
18:47 of 3rd period - Colby Cave is hit by Christian Hanson and loses puck.
19:15 of 3rd period - Slapshot by Adam Clendening.
19:15 of 3rd period - Deflect By Ryan Nugent-Hopkins.
19:15 of 3rd period - Shot Misses the Net.
19:15 of 3rd period - Puck is out of play.
19:16 of 3rd period - Joe Labate wins face-off versus Aleksander Barkov in Patriotes zone.
19:19 of 3rd period - Snap shot by Joe Labate.
19:19 of 3rd period - Shot Misses the Net.
19:21 of 3rd period - Snap shot by David Wolf.
19:21 of 3rd period - Shot Misses the Net.
19:23 of 3rd period - Snap shot by David Wolf.
19:23 of 3rd period - Shot Blocked by Shea Theodore.
19:25 of 3rd period - Snap shot by Joe Labate.
19:25 of 3rd period - Stopped by Andrei Vasilevskiy with a rebound.
19:27 of 3rd period - Slapshot by Adam Clendening.
19:27 of 3rd period - Stopped by Andrei Vasilevskiy with a rebound.
19:43 of 3rd period - Snap shot by Emerson Etem.
19:43 of 3rd period - Shot Misses the Net.
Goals for this period are 1 for Thunder vs 0 for Patriotes.
Shots for this period are 10 for Thunder vs 3 for Patriotes.
Back to the Top